 Dungeon Crawl Stone Soup version 0.28.0-53-g5a82cb258f (webtiles) character file.

Game seed: 4185705342463886304

65 greena the Bolt Thrower (level 3, -6/30 HPs)
             Began as a Minotaur Hunter on May 26, 2022.
             Mangled by Crazy Yiuf
             ... wielding a +2 quarterstaff of chaos
              (13 damage)
             ... on level 2 of the Dungeon.
             The game lasted 00:07:21 (1436 turns).

greena the Bolt Thrower (Minotaur Hunter)           Turns: 1436, Time: 00:07:22

Health: -6/30      AC:  3    Str: 16    XL:     3   Next: 94%
Magic:  2/2        EV: 17    Int:  8    God:
Gold:   74         SH:  0    Dex: 12    Spells: 2/2 levels left

rFire   . . .      SeeInvis .   a - +1 hand crossbow
rCold   . . .      Faith    .   (no shield)
rNeg    . . .      Spirit   .   c - +0 leather armour
rPois   .          Reflect  .   (helmet restricted)
rElec   .          Harm     .   (no cloak)
rCorr   .          Rampage  .   (no gloves)
Will    .....                   (no boots)
Stlth   +.........              (no amulet)
HPRegen 0.10/turn               (no ring)
MPRegen 0.08/turn               (no ring)

@: agile
A: horns 2, retaliatory headbutt
a: no special abilities


You were on level 2 of the Dungeon.
You visited 1 branch of the dungeon, and saw 2 of its levels.

You collected 74 gold pieces.

Inventory:

Hand Weapons
 a - a +1 hand crossbow (weapon)
 b - a +0 short sword
Missiles
 d - 3 bolts (quivered ammo)
Armour
 c - a +0 leather armour (worn)
Jewellery
 l - a ring of positive energy
Scrolls
 e - a scroll of amnesia {unknown}
 h - a scroll of fog {unknown}
 i - a scroll of brand weapon {unknown}
 m - a scroll of identify {unknown}
Potions
 f - a potion of brilliance {unknown}
 g - a potion of mutation {unknown}
 j - a potion of heal wounds {unknown}
 k - a potion of invisibility {unknown}


   Skills:
 + Level 2.8 Fighting
 + Level 5.7 Crossbows
 + Level 0.2 Armour
 + Level 2.1 Dodging
 + Level 1.2 Stealth


You had 2 spell levels left.
You didn't know any spells.
Your spell library was empty.

Dungeon Overview and Level Annotations

Branches:
Dungeon (2/15)

Altars:
Uskayaw

Annotations:
D:2 Crazy Yiuf


Innate Abilities, Weirdness & Mutations

You have a pair of horns on your head.
You reflexively headbutt those who attack you in melee.


Message History

Aim: Crazy Yiuf, wielding a +2 quarterstaff of chaos and wearing a +0 cloak (69% to hit)
You shoot a bolt. The bolt barely misses Crazy Yiuf.
Crazy Yiuf screams, "Buddy eyeball Xom!"
Crazy Yiuf hits you with a +2 quarterstaff of chaos.
Crazy Yiuf burns you.
Fire: 8 bolts
Press: ? - help, Q - select action Shift-Dir - straight line, f/p - Crazy Yiuf
Aim: Crazy Yiuf, wielding a +2 quarterstaff of chaos and wearing a +0 cloak (69% to hit)
You shoot a bolt. The bolt hits Crazy Yiuf!
Crazy Yiuf is heavily wounded.
Crazy Yiuf closely misses you.
Fire: 7 bolts
Press: ? - help, Q - select action Shift-Dir - straight line, f/p - Crazy Yiuf
Aim: Crazy Yiuf, wielding a +2 quarterstaff of chaos and wearing a +0 cloak (heavily wounded, 69% to hit)
You shoot a bolt.
The bolt hits Crazy Yiuf but does no damage.
Crazy Yiuf is heavily wounded.
Crazy Yiuf hits you with a +2 quarterstaff of chaos!
Crazy Yiuf burns you.
Crazy Yiuf hits you with a +2 quarterstaff of chaos!
* * * LOW HITPOINT WARNING * * *
You feel agile all of a sudden.
Fire: 6 bolts
Press: ? - help, Q - select action Shift-Dir - straight line, f/p - Crazy Yiuf
Aim: Crazy Yiuf, wielding a +2 quarterstaff of chaos and wearing a +0 cloak (heavily wounded, 69% to hit)
You shoot a bolt. The bolt hits Crazy Yiuf.
Crazy Yiuf is severely wounded.
Crazy Yiuf closely misses you.
Fire: 5 bolts
Press: ? - help, Q - select action Shift-Dir - straight line, f/p - Crazy Yiuf
Aim: Crazy Yiuf, wielding a +2 quarterstaff of chaos and wearing a +0 cloak (severely wounded, 69% to hit)
You shoot a bolt. The bolt barely misses Crazy Yiuf.
Crazy Yiuf misses you.
Fire: 4 bolts
Press: ? - help, Q - select action Shift-Dir - straight line, f/p - Crazy Yiuf
Aim: Crazy Yiuf, wielding a +2 quarterstaff of chaos and wearing a +0 cloak (heavily wounded, 69% to hit)
You shoot a bolt. The bolt hits Crazy Yiuf.
Crazy Yiuf is almost dead.
Crazy Yiuf hits you with a +2 quarterstaff of chaos!
You die...

#....#####.....#
#....# #####.###
## ♣....♣
#...#.#####.
♣♣...♣
###.#.......
♣♣.♣♣
#.#.#..##.#.
♣♣.♣
#.#†#.....<.
♣.♣♣
#.'...#####.
♣♣.♣
#.#.........
♣@♣♣
#.########.. #g#
#.....#..... ...
#...........
#...#
#####.#.#..#
#)(.# #.#.#...
#####
#####.#.#.##
#.....#.#.#
####.....#.#.#
#........#.#.##


You could see Crazy Yiuf.

Vanquished Creatures
  An adder (D:2)
  A worm (D:2)
  2 dart slugs (D:1)
  9 endoplasms
  2 giant cockroaches
  5 goblins
  A hobgoblin (D:1)
  3 jackals (D:1)
  5 ball pythons
  6 bats
  2 frilled lizards (D:1)
  3 kobolds
  6 rats
46 creatures vanquished.

Notes
Turn   | Place    | Note
-------+----------+-------------------------------------------
     0 | D:1      | greena the Minotaur Hunter began the quest for the Orb.
     0 | D:1      | Reached XP level 1. HP: 18/18 MP: 0/0
    58 | D:1      | Reached XP level 2. HP: 21/25 MP: 1/1
   109 | D:1      | Reached skill level 5 in Crossbows
   138 | D:1      | You fall into a shaft and drop 1 floor!
   250 | D:2      | Found a hide-covered altar of Uskayaw.
   261 | D:2      | Reached skill level 1 in Stealth
   261 | D:2      | Reached XP level 3. HP: 30/30 MP: 2/2
  1364 | D:2      | Found a runed translucent door.
  1365 | D:2      | Noticed Crazy Yiuf
  1436 | D:2      | Mangled by Crazy Yiuf

Illustrated notes

Levels and vault maps discovered:
D:1:      mushboom_english_gardens, layout_basic, minmay_pentomino_o2
D:2:      layout_basic, basic_altar, uniq_crazy_yiuf_cottage

Skill      XL: |  1  2 |
---------------+-------+-----
Crossbows      | 5 |  5.7
Stealth        | 1 |  1.2
Fighting       | |  2.8
Armour         | |  0.2
Dodging        | |  2.1

Action                   || total
-------------------------++-------
 Fire: Hand crossbow     ||    94
Armor: Leather armour    ||     5
Dodge: Dodged            ||    14
